Map: 백워터 - 래더

Players

Trap - Winner!

  • Race: Protoss Protoss
  • Spawn Location: 11:00

Losira

  • Race: Zerg Zerg
  • Spawn Location: 5:00

Event: IEM Season 12 - Katowice

VOD

Have the link to the VOD?

Description

Time

  • Played on: Feb. 27, 2018, 9:41 a.m.
  • Length: 13:32

All games in this series

Show
View Real Time Build Order
Export as new Build Order

Trap Protoss - Winner!

Build Orders: 1 Gate Expand, Oracle Opening, Phoenix Opening, Archon Immortal, Zealot Archon 

Get SALT Encoding   

  12  0:00  Probe  
  13  0:12  Probe  
  14  0:20  Pylon  
  14  0:24  Probe  
  15  0:38  Probe (Chrono Boost)  
  16  0:44  Gateway  
  16  0:47  Probe (Chrono Boost)  
  17  0:52  Probe (Chrono Boost), Assimilator  
  18  0:59  Pylon  
  18  1:04  Probe  
  19  1:16  Probe  
  20  1:27  Nexus  
  20  1:37  Cybernetics Core  
  20  1:40  Probe  
  21  1:50  Assimilator  
  21  1:52  Probe  
  22  1:56  Pylon  
  22  2:04  Probe  
  23  2:12  Adept (Chrono Boost)  
  25  2:16  Probe  
  25  2:20  Stargate  
  26  2:28  Probe  
  26  2:29  Warp Gate  
  27  2:37  Stalker  
  27  2:39  Probe (Chrono Boost)  
  27  2:40  Probe (Chrono Boost)  
  31  2:49  Probe (Chrono Boost)  
  31  2:50  Probe (Chrono Boost)  
  33  2:54  Probe (Chrono Boost)  
  33  2:55  Probe (Chrono Boost)  
  35  3:06  Phoenix (Chrono Boost)  
  35  3:07  Probe, Adept  
  35  3:12  Probe  
  41  3:19  Pylon  
  41  3:20  Probe  
  41  3:24  Probe  
  43  3:30  Oracle (Chrono Boost)  
  46  3:37  Probe x2  
  48  3:45  Gateway  
  48  3:49  Probe x2  
  48  3:52  Adept  
  52  3:58  Pylon  
  52  4:01  Probe x2  
  54  4:16  Probe x2, Oracle  
  59  4:20  Nexus  
  59  4:25  Assimilator  
  59  4:26  Pylon, Assimilator  
  59  4:28  Probe x2  
  61  4:36  Robotics Facility  
  61  4:39  Twilight Council  
  61  4:41  Probe  
  61  4:44  Probe  
  63  4:47  Pylon  
  63  4:49  Pylon  
  63  4:56  Forge  
  63  4:59  Probe x2  
  65  5:11  Gateway  
  65  5:13  Gateway  
  65  5:21  Templar Archives, Warp Prism (Chrono Boost)  
  63  5:28  Protoss Ground Weapons Level 1 (Chrono Boost), Charge (Chrono Boost)  
  65  5:31  Gateway x2  
  63  5:49  Probe x2  
  65  5:53  Probe, Pylon  
  65  5:55  Observer  
  67  6:01  Probe x2, Gateway  
  67  6:03  Gateway  
  69  6:05  Probe  
  70  6:13  Probe x2  
  70  6:14  Pylon  
  70  6:15  Assimilator  
  70  6:17  Probe  
  73  6:19  Assimilator  
  73  6:25  High Templar x3  
  75  6:26  High Templar  
  75  6:30  Archon x2  
  85  6:33  Immortal (Chrono Boost)  
  85  6:35  Probe x3  
  85  6:37  Pylon  
  88  6:42  Pylon  
  88  6:43  Robotics Facility  
  88  6:56  Probe x3  
  91  7:04  Pylon  
  91  7:06  Psionic Storm  
  91  7:07  Pylon, Sentry  
  91  7:08  Probe x3, Sentry, Immortal (Chrono Boost)  
  102  7:20  Protoss Ground Weapons Level 2 (Chrono Boost)  
  102  7:23  Pylon  
  102  7:31  Immortal (Chrono Boost)  
  104  7:38  Immortal (Chrono Boost)  
  104  7:41  Photon Cannon  
  104  7:42  Photon Cannon  
  104  7:43  Zealot x2  
  112  7:45  High Templar  
  112  7:46  Zealot  
  116  7:52  High Templar  
  116  7:58  Nexus  
  122  8:07  Immortal (Chrono Boost)  
  122  8:10  Phoenix  
  122  8:11  Shield Battery  
  122  8:12  Immortal (Chrono Boost)  
  124  8:19  Pylon  
  128  8:25  Zealot x4  
  128  8:26  High Templar  
  138  8:28  Photon Cannon  
  138  8:32  Pylon  
  138  8:35  Phoenix  
  138  8:41  Photon Cannon  
  131  8:42  Photon Cannon  
  131  8:43  Observer (Chrono Boost)  
  131  8:44  Photon Cannon  
  131  8:47  Pylon, High Templar  
  133  8:49  Photon Cannon  
  133  8:50  Immortal (Chrono Boost)  
  141  9:04  Immortal (Chrono Boost), High Templar  
  141  9:06  Zealot x2  
  141  9:08  Zealot  
  149  9:13  Phoenix  
  151  9:22  Assimilator  
  151  9:26  Assimilator  
  151  9:30  Photon Cannon  
  151  9:32  Stalker x3  
  151  9:36  Stalker  
  159  9:39  Stalker  
  159  9:41  Observer (Chrono Boost)  
  159  9:45  Immortal (Chrono Boost)  
  156  9:53  Zealot x3  
  156  9:56  Zealot x2  
  154  10:03  Zealot x3  
  134  10:18  Archon  
  134  10:20  Zealot x2  
  115  10:23  Pylon  
  115  10:25  Dark Shrine  
  105  10:32  Probe x3 (Chrono Boost)  
  105  10:33  Probe (Chrono Boost)  
  103  10:36  Pylon  
  103  10:39  Pylon  
  103  10:40  High Templar x3  
  109  10:44  Probe (Chrono Boost)  
  109  10:48  Pylon, Immortal (Chrono Boost)  
  113  10:50  Probe x3 (Chrono Boost), Cybernetics Core  
  113  10:56  Probe (Chrono Boost), Oracle  
  121  10:58  Gateway  
  121  11:02  Gateway  
  121  11:09  Gateway  
  121  11:15  High Templar  
  121  11:16  High Templar x3  
  129  11:19  Archon  
  129  11:20  Archon  
  129  11:22  Photon Cannon  
  129  11:31  Shield Battery  
  119  11:32  Shield Battery  
  119  11:35  Immortal (Chrono Boost)  
  121  11:45  Archon  
  115  11:47  Probe x4  
  108  11:59  Probe  
  109  12:04  Robotics Facility, Dark Templar x3  
  109  12:06  Immortal (Chrono Boost)  
  111  12:09  Probe x3  
  111  12:11  Probe  
  111  12:12  High Templar x3  
  117  12:17  Gateway x2  
  117  12:21  Probe  
  114  12:26  Archon  
  114  12:30  Pylon  
  114  12:31  Pylon  
  114  12:37  Immortal  
  114  12:38  High Templar x3  
  124  12:46  Zealot x2  
  124  12:47  Archon  
  124  12:51  Shield Battery  
  124  12:53  Shield Battery  
  124  13:02  Zealot x2  
  119  13:13  Zealot x5  
  125  13:21  High Templar x2  
  129  13:31  High Templar x2  
Show
View Real Time Build Order
Export as new Build Order

Losira Zerg 

Build Orders: 3 Hatch before Pool, Lurkers 

Get SALT Encoding   

  12  0:01  Drone  
  13  0:12  Overlord  
  13  0:17  Drone  
  14  0:31  Drone x2  
  14  0:35  Drone  
  17  0:56  Drone  
  18  1:00  Drone  
  19  1:06  Hatchery  
  19  1:08  Drone  
  19  1:32  Drone  
  20  1:35  Hatchery  
  20  1:39  Spawning Pool, Extractor  
  17  1:40  Drone  
  17  1:45  Drone  
  19  2:01  Drone x2  
  21  2:13  Overlord  
  22  2:22  Drone  
  22  2:26  Queen x2  
  22  2:27  Zergling x2  
  28  2:30  Zergling x2  
  28  2:36  Zergling x2  
  29  2:40  Metabolic Boost  
  29  2:42  Zergling x2  
  30  2:46  Zergling x2  
  30  2:47  Zergling x2  
  32  2:51  Queen  
  32  2:54  Drone  
  35  3:02  Drone  
  35  3:04  Drone  
  36  3:07  Drone x2  
  36  3:10  Drone  
  39  3:15  Overlord  
  39  3:16  Drone  
  40  3:20  Drone  
  40  3:23  Drone  
  42  3:31  Overlord  
  42  3:33  Queen  
  43  3:35  Overlord  
  43  3:44  Overlord  
  43  3:46  Spore Crawler  
  42  3:49  Drone x2  
  42  3:51  Drone x4  
  42  3:55  Spore Crawler  
  47  3:57  Drone  
  47  3:59  Drone  
  47  4:01  Spore Crawler  
  48  4:03  Drone  
  48  4:04  Drone  
  48  4:06  Drone  
  51  4:13  Lair  
  51  4:14  Drone  
  51  4:17  Drone  
  53  4:20  Drone x2  
  53  4:21  Drone  
  55  4:26  Drone  
  55  4:27  Drone  
  55  4:30  Drone x3  
  59  4:33  Overlord  
  59  4:35  Drone x2  
  59  4:37  Drone  
  59  4:38  Drone  
  63  4:39  Drone  
  63  4:43  Drone x2  
  65  4:46  Extractor  
  65  4:47  Drone x2  
  65  4:48  Overlord  
  66  4:52  Overlord  
  66  4:54  Drone x2  
  66  4:55  Drone  
  66  4:56  Drone x2  
  66  4:59  Overlord  
  71  5:03  Zergling x2  
  71  5:07  Zergling x2  
  71  5:08  Zergling x6  
  71  5:13  Extractor, Hydralisk Den  
  72  5:15  Drone x4  
  73  5:22  Drone x6  
  73  5:23  Spore Crawler  
  77  5:35  Extractor x2  
  76  5:36  Extractor  
  76  5:38  Drone x5  
  76  5:42  Evolution Chamber, Drone  
  76  5:46  Grooved Spines  
  76  5:47  Hatchery  
  76  5:49  Drone  
  73  5:54  Drone x2  
  75  5:57  Drone x3  
  75  5:58  Drone x2  
  75  6:03  Drone x2  
  82  6:06  Drone  
  82  6:08  Evolution Chamber, Zerg Missile Weapons Level 1  
  82  6:09  Drone  
  82  6:11  Lurker Den  
  82  6:16  Overlord  
  82  6:19  Hydralisk x2  
  82  6:23  Hydralisk  
  82  6:24  Hydralisk x2  
  92  6:29  Drone x2  
  92  6:31  Overlord  
  94  6:35  Hydralisk x3  
  94  6:37  Overlord, Extractor  
  99  6:40  Extractor  
  99  6:43  Drone x4  
  99  6:44  Drone x2  
  104  6:48  Overlord  
  104  6:51  Hydralisk  
  104  6:52  Hydralisk x2  
  108  6:58  Muscular Augments  
  108  6:59  Zerg Ground Armor Level 1  
  108  7:02  Drone, Spore Crawler, Queen  
  108  7:04  Overlord  
  108  7:06  Pneumatized Carapace  
  108  7:07  Hydralisk  
  112  7:10  Overseer  
  112  7:12  Hydralisk  
  112  7:13  Hydralisk  
  116  7:17  Hydralisk x2  
  120  7:25  Hydralisk x2  
  120  7:26  Hydralisk x2  
  120  7:28  Overlord  
  128  7:37  Drone x2  
  126  7:38  Hydralisk x3  
  126  7:41  Overlord  
  126  7:44  Hydralisk x2  
  133  7:47  Hydralisk  
  133  7:48  Hydralisk  
  140  7:57  Hydralisk  
  140  7:58  Hydralisk x3  
  136  8:05  Zerg Missile Weapons Level 2  
  139  8:06  Drone x3  
  139  8:10  Zergling x8  
  144  8:17  Hydralisk  
  144  8:18  Hydralisk  
  148  8:26  Drone x2  
  150  8:27  Hydralisk x3  
  156  8:38  Hydralisk  
  158  8:41  Overlord x2  
  158  8:44  Overlord  
  158  8:53  Zerg Melee Weapons Level 1, Overlord  
  158  8:54  Hydralisk  
  160  8:56  Overlord  
  160  8:59  Hydralisk x4  
  160  9:02  Hydralisk x2  
  167  9:06  Lurker x3  
  167  9:07  Lurker  
  167  9:08  Lurker  
  167  9:09  Lurker  
  177  9:13  Zergling x6  
  180  9:17  Zergling x8  
  184  9:24  Hydralisk  
  184  9:26  Hydralisk x3  
  184  9:29  Lurker  
  184  9:30  Lurker  
  194  9:32  Zergling x8  
  194  9:35  Hydralisk  
  181  9:54  Overlord  
  171  10:10  Hydralisk x2  
  171  10:11  Overlord  
  152  10:16  Hydralisk x8  
  152  10:19  Zergling x20  
  152  10:20  Hydralisk x4  
  150  10:27  Hydralisk x3  
  136  10:33  Hydralisk  
  136  10:34  Hydralisk x2  
  138  10:36  Hydralisk  
  138  10:38  Hydralisk  
  138  10:40  Hydralisk  
  136  10:45  Hydralisk  
  136  10:46  Hydralisk  
  136  10:49  Hydralisk x2  
  142  10:51  Hydralisk  
  142  10:53  Hydralisk  
  142  10:56  Hydralisk  
  150  11:01  Lurker x3  
  150  11:02  Lurker x2  
  154  11:05  Hydralisk  
  154  11:08  Hydralisk x2  
  160  11:13  Hydralisk x2  
  160  11:15  Hydralisk  
  166  11:24  Hydralisk x4  
  165  11:30  Hydralisk x2  
  159  11:37  Hydralisk x3  
  161  11:40  Hydralisk  
  155  11:49  Hydralisk x4  
  155  11:54  Hydralisk x2  
  140  11:57  Hydralisk x2  
  140  12:00  Hydralisk  
  146  12:02  Hydralisk  
  146  12:05  Hydralisk  
  146  12:07  Hydralisk  
  149  12:08  Zergling x8  
  149  12:11  Hydralisk  
  149  12:13  Hydralisk  
  156  12:18  Overseer x2  
  156  12:19  Hydralisk  
  156  12:21  Hydralisk  
  148  12:23  Hydralisk  
  148  12:27  Zergling x10  
  155  12:30  Hydralisk  
  155  12:33  Hydralisk  
  159  12:37  Hydralisk x2  
  159  12:39  Hydralisk  
  159  12:42  Hydralisk  
  167  12:49  Hydralisk  
  168  12:52  Overlord  
  168  12:57  Hydralisk x4  
  157  13:01  Zergling x10  
  157  13:03  Hydralisk  
  153  13:06  Zergling x2  
  153  13:10  Zergling x2  
  153  13:12  Zergling x2  

Tags
 
Add a new tag
Caveats
  • Supply blocks, unpowered buildings, or Contaminate may cause inaccurate times.
  • Supply counts are checked every 10 seconds.